 Dungeon Crawl Stone Soup version 0.29.0-4-gdea44cf6ec (webtiles) character file.

Game seed: 13239915776890602385

9 qw the Sneak (level 2, -3/19 HPs)
             Began as a Gargoyle Delver on Sept 10, 2022.
             Killed by divine providence
             ... invoked by an orc priest
              (12 damage)
             ... on level 5 of the Dungeon.
             The game lasted 00:00:00 (21 turns).

qw the Sneak (Gargoyle Delver)                        Turns: 21, Time: 00:00:01

Health: -3/19      AC:  5    Str: 15    XL:     2   Next: 12%
Magic:  2/2        EV: 11    Int: 10    God:
Gold:   0          SH:  0    Dex: 11    Spells: 1/1 levels left

rFire   . . .      SeeInvis .   a - +0 hand axe
rCold   . . .      Faith    .   (no shield)
rNeg    + . .      Spirit   .   b - +0 leather armour
rPois   inf        Reflect  .   (no helmet)
rElec   +          Harm     .   (no cloak)
rCorr   .          Rampage  .   (no gloves)
Will    .....                   (no boots)
Stlth   +++.......              (no amulet)
HPRegen 0.06/turn               (no ring)
MPRegen 0.08/turn               (no ring)

@: no status effects
A: sickness immunity, AC +2, negative energy resistance 1, electricity
resistance, torment resistance 1, petrification resistance
a: no special abilities


You were on level 5 of the Dungeon.
You visited 1 branch of the dungeon, and saw 1 of its levels.


Innate Abilities, Weirdness & Mutations

You are immune to sickness and miasma.
Your stone body is resilient. (AC +2)
You are immune to poison.
You resist negative energy. (rN+)
You are resistant to electric shocks. (rElec)
You are resistant to unholy torment.
You are immune to petrification.


   Skills:
 - Level 3.2 Fighting
 + Level 2.5 Axes
 - Level 1.5 Dodging
 - Level 5.4 Stealth


You had one spell level left.
You didn't know any spells.
Your spell library was empty.

Inventory:

Hand Weapons
 a - a +0 hand axe (weapon)
Armour
 b - a +0 leather armour (worn)
Wands
 g - a wand of digging (3)
Scrolls
 c - a scroll of fog
 d - a scroll of magic mapping
 e - a scroll of fear
Potions
 f - a potion of haste

Dungeon Overview and Level Annotations

Branches:
Dungeon (5/15)
 Temple: D:4-7

Altars:

Shops:
D:5 *:


Message History

An orc priest comes into view. It is wielding a +0 club.
The orc priest shouts!
You hear an angry hiss.
An orc comes into view. It is wielding a +0 hand axe.
11 ||| Stepping ~*~*~tactically~*~*~ (hiding).
An adder comes into view.
The adder hisses angrily.
An orc comes into view. It is wielding a +0 short sword.
Found 9 gold pieces.
The orc shouts!
You hit the adder.
The adder is lightly wounded.
The adder bites you.
You hit the adder.
The adder is heavily wounded.
The adder closely misses you. x2
You hit the adder.
The adder is almost dead.
The adder bites you.
The orc priest miscasts a cantrip.
You hit the adder.
You kill the adder!
A white imp comes into view.
Your Axes skill increases to level 2!
You have reached level 2!
You hit the orc priest.
The orc priest is lightly wounded.
The orc priest looks satisfied for a moment.
The white imp shouts, "Leave, thou errant clay-brained skainsmate!"
You hit the orc.
The orc is heavily wounded.
The white imp disappears for a moment.
The orc hits you with a +0 hand axe.
You hit the orc but do no damage.
The orc is heavily wounded.
The orc hits you with a +0 hand axe.
You hit the orc but do no damage.
The orc is heavily wounded.
The orc priest mumbles some strange prayers to Beogh against you.
Beogh smites you!
Ouch! That really hurt!
You die... #......... #........ ..}.}... $.\... ####}.}.# ... oo5

# #8# #o#
###.#####.###@#
#......8.\.8..#
#.......#<...##
#....##.#8####
.... #...# ..
##.#######
#>.......
#########


You could see an orc priest, a white imp and 2 orcs.

Vanquished Creatures
  An adder (D:5)
1 creature vanquished.

Notes
Turn   | Place    | Note
-------+----------+-------------------------------------------
     0 | D:5      | qw the Gargoyle Delver began the quest for the Orb.
     0 | D:5      | Reached XP level 1. HP: 14/14 MP: 1/1
     0 | D:5      | 0 ||| qw: Version: 0.1-a-116-g5d60599
     0 | D:5      | 0 ||| qw: Game counter: 8973
     0 | D:5      | 0 ||| qw: Always use a shield: true
     0 | D:5      | 0 ||| qw: God list: Okawaru
     0 | D:5      | 0 ||| qw: Allow faded altars: false
     0 | D:5      | 0 ||| qw: Do Orc after D:15 true
     0 | D:5      | 0 ||| qw: Do second Lair branch before Depths: true
     0 | D:5      | 0 ||| qw: Lair rune preference: random
     0 | D:5      | 0 ||| qw: Plans: Normal
     0 | D:5      | 0 ||| PLANNING D:1-11
     3 | D:5      | Found Xelyutext's Book Boutique.
     7 | D:5      | 7 ||| SHOPLISTING bone morningstar (234 gold, have 0).
     7 | D:5      | 7 ||| SHOPLISTING cyan potion (23 gold, have 0).
     7 | D:5      | 7 ||| SHOPLISTING scroll labelled AFOHIY KETWUO (26 gold,
                  | have 0).
     7 | D:5      | 7 ||| SHOPLISTING shiny chain mail (195 gold, have 0).
    10 | D:5      | Noticed an orc priest
    11 | D:5      | 11 ||| Stepping ~*~*~tactically~*~*~ (hiding).
    18 | D:5      | Reached XP level 2. HP: 15/19 MP: 2/2
    21 | D:5      | Killed from afar by an orc priest

Levels and vault maps discovered:
D:5:      layout_basic, nemelex_spade_bored_becter, trog_hazing_becter,
          serial_shops, shop, shop_fountains, nicolae_shop_statue_plus

Skill      XL: |  1 |
---------------+----+-----
Axes           | 2 |  2.5
Fighting       | |  3.2
Dodging        | |  1.5
Stealth        | |  5.4

Action                   || total
-------------------------++-------
Melee: Hand axe          ||     8
Dodge: Dodged            ||     2

Table legend:
 A = Non-vault XP
 B = Vault XP
 C = Vault XP percentage of total XP
 D = Non-vault monster count
 E = Vault monster count
 F = Vault count percentage of total count
                 A         B        C        D         E       F
            +---------+---------+-------+---------+---------+-------
      Total |      13 |       0 |   0.0 |       1 |       0 |   0.0
            +---------+---------+-------+---------+---------+-------
        D:5 |      13 |       0 |   0.0 |       1 |       0 |   0.0
            +---------+---------+-------+---------+---------+-------
